Map: Inside and Out

Players

WhereAmI

  • Race: Zerg Zerg
  • League: Master
  • Spawn Location: 1:00

Heaven - Winner!

  • Race: Protoss Protoss
  • League: Master
  • Spawn Location: 7:00

VOD

Have the link to the VOD?

Description

Time

  • Played on: Dec. 5, 2022, 1:57 p.m.
  • Length: 6:13
Show
View Real Time Build Order
Export as new Build Order

WhereAmI Zerg 

Build Orders: 3 Hatch before Pool 

Get SALT Encoding   

  12  0:01  Drone  
  13  0:12  Overlord  
  13  0:17  Drone  
  14  0:30  Drone x2  
  14  0:34  Drone  
  17  0:54  Hatchery  
  17  0:56  Drone  
  17  1:00  Extractor  
  16  1:12  Drone x2  
  18  1:26  Hatchery  
  18  1:30  Drone  
  18  1:33  Drone  
  19  1:48  Spawning Pool  
  19  1:51  Drone  
  19  1:55  Drone  
  20  2:02  Drone  
  20  2:06  Hatchery  
  21  2:13  Drone  
  22  2:29  Overlord  
  21  2:38  Drone  
  20  2:57  Queen  
  21  2:59  Spine Crawler  
  21  3:00  Spine Crawler  
  19  3:07  Spine Crawler  
  18  3:34  Hatchery  
  17  3:49  Burrow, Roach Warren  
  16  3:57  Drone x2  
  16  4:02  Drone  
  19  4:11  Drone  
  20  4:28  Drone  
  21  4:40  Overlord  
  21  4:45  Queen  
  21  4:46  Roach  
  21  4:50  Overlord  
  25  4:56  Spore Crawler  
  22  5:12  Roach x2  
  29  5:28  Roach x4  
  29  5:29  Queen  
  29  5:34  Roach  
  31  5:50  Roach x5  
  31  5:54  Roach  
Show
View Real Time Build Order
Export as new Build Order

Heaven Protoss - Winner!

Build Orders:  

Get SALT Encoding   

  12  0:00  Probe  
  13  0:12  Probe  
  14  0:20  Pylon  
  14  0:24  Probe  
  15  0:38  Probe (Chrono Boost)  
  15  0:40  Gateway  
  16  0:49  Probe (Chrono Boost), Assimilator  
  17  0:54  Probe (Chrono Boost)  
  18  1:05  Probe  
  18  1:07  Forge  
  19  1:17  Probe  
  20  1:29  Probe  
  21  1:40  Photon Cannon  
  21  1:43  Pylon  
  21  1:46  Pylon  
  21  1:47  Pylon  
  21  1:52  Cybernetics Core  
  21  2:03  Pylon  
  21  2:05  Photon Cannon  
  21  2:13  Photon Cannon  
  21  2:16  Pylon  
  21  2:19  Photon Cannon  
  21  2:22  Probe  
  22  2:33  Photon Cannon  
  22  2:47  Gateway  
  22  2:49  Probe  
  22  2:50  Assimilator  
  23  2:55  Pylon  
  23  2:59  Pylon  
  23  3:07  Probe  
  24  3:14  Stargate  
  24  3:16  Shield Battery  
  24  3:17  Photon Cannon  
  24  3:28  Photon Cannon  
  24  3:38  Photon Cannon  
  24  3:42  Probe  
  24  3:43  Nexus  
  24  3:46  Warp Gate  
  24  3:48  Gateway  
  25  3:51  Adept (Chrono Boost)  
  27  4:00  Probe  
  27  4:12  Stalker (Chrono Boost)  
  30  4:17  Probe  
  30  4:18  Pylon  
  30  4:37  Stalker (Chrono Boost)  
  32  4:40  Pylon  
  32  4:43  Stalker (Chrono Boost)  
  34  5:02  Stalker (Chrono Boost)  
  36  5:10  Stalker (Chrono Boost)  
  36  5:24  Stalker (Chrono Boost)  
  38  5:33  Stalker (Chrono Boost)  
  40  5:40  Shield Battery  
  40  5:48  Probe x2  
  40  6:03  Stalker  
  42  6:06  Stalker  
Tags
 
Add a new tag
Caveats
  • Supply blocks, unpowered buildings, or Contaminate may cause inaccurate times.
  • Supply counts are checked every 10 seconds.